Workbook

Sheet Resumen y reglas
A1: ANEXO TÉCNICO Y FINANCIERO N.° 1 - ESTRATEGIA DE TRANSPORTE ESCOLAR 2026 | B1: ANEXO TÉCNICO Y FINANCIERO N.° 1 - ESTRATEGIA DE TRANSPORTE ESCOLAR 2026 | C1: ANEXO TÉCNICO Y FINANCIERO N.° 1 - ESTRATEGIA DE TRANSPORTE ESCOLAR 2026 | D1: ANEXO TÉCNICO Y FINANCIERO N.° 1 - ESTRATEGIA DE TRANSPORTE ESCOLAR 2026 | E1: ANEXO TÉCNICO Y FINANCIERO N.° 1 - ESTRATEGIA DE TRANSPORTE ESCOLAR 2026 | F1: ANEXO TÉCNICO Y FINANCIERO N.° 1 - ESTRATEGIA DE TRANSPORTE ESCOLAR 2026 | G1: ANEXO TÉCNICO Y FINANCIERO N.° 1 - ESTRATEGIA DE TRANSPORTE ESCOLAR 2026 | H1: ANEXO TÉCNICO Y FINANCIERO N.° 1 - ESTRATEGIA DE TRANSPORTE ESCOLAR 2026
A2: ANEXO TÉCNICO Y FINANCIERO N.° 1 - ESTRATEGIA DE TRANSPORTE ESCOLAR 2026 | B2: ANEXO TÉCNICO Y FINANCIERO N.° 1 - ESTRATEGIA DE TRANSPORTE ESCOLAR 2026 | C2: ANEXO TÉCNICO Y FINANCIERO N.° 1 - ESTRATEGIA DE TRANSPORTE ESCOLAR 2026 | D2: ANEXO TÉCNICO Y FINANCIERO N.° 1 - ESTRATEGIA DE TRANSPORTE ESCOLAR 2026 | E2: ANEXO TÉCNICO Y FINANCIERO N.° 1 - ESTRATEGIA DE TRANSPORTE ESCOLAR 2026 | F2: ANEXO TÉCNICO Y FINANCIERO N.° 1 - ESTRATEGIA DE TRANSPORTE ESCOLAR 2026 | G2: ANEXO TÉCNICO Y FINANCIERO N.° 1 - ESTRATEGIA DE TRANSPORTE ESCOLAR 2026 | H2: ANEXO TÉCNICO Y FINANCIERO N.° 1 - ESTRATEGIA DE TRANSPORTE ESCOLAR 2026
A3: Convenio interadministrativo entre el Departamento de Antioquia y los municipios relacionados en el presente anexo | B3: Convenio interadministrativo entre el Departamento de Antioquia y los municipios relacionados en el presente anexo | C3: Convenio interadministrativo entre el Departamento de Antioquia y los municipios relacionados en el presente anexo | D3: Convenio interadministrativo entre el Departamento de Antioquia y los municipios relacionados en el presente anexo | E3: Convenio interadministrativo entre el Departamento de Antioquia y los municipios relacionados en el presente anexo | F3: Convenio interadministrativo entre el Departamento de Antioquia y los municipios relacionados en el presente anexo | G3: Convenio interadministrativo entre el Departamento de Antioquia y los municipios relacionados en el presente anexo | H3: Convenio interadministrativo entre el Departamento de Antioquia y los municipios relacionados en el presente anexo
A5: 1. IDENTIFICACIÓN Y ALCANCE | B5: 1. IDENTIFICACIÓN Y ALCANCE | C5: 1. IDENTIFICACIÓN Y ALCANCE | D5: 1. IDENTIFICACIÓN Y ALCANCE | E5: 1. IDENTIFICACIÓN Y ALCANCE | F5: 1. IDENTIFICACIÓN Y ALCANCE | G5: 1. IDENTIFICACIÓN Y ALCANCE | H5: 1. IDENTIFICACIÓN Y ALCANCE
A6: Objeto | B6: Objeto | C6: Aunar esfuerzos técnicos, administrativos y financieros entre el Departamento de Antioquia y los municipios relacionados en el Anexo Técnico y Financiero N.° 1, para desarrollar estrategias orientadas a promover la permanencia, acogida y bienestar de los estudiantes del Departamento de Antioquia. | D6: Aunar esfuerzos técnicos, administrativos y financieros entre el Departamento de Antioquia y los municipios relacionados en el Anexo Técnico y Financiero N.° 1, para desarrollar estrategias orientadas a promover la permanencia, acogida y bienestar de los estudiantes del Departamento de Antioquia. | E6: Aunar esfuerzos técnicos, administrativos y financieros entre el Departamento de Antioquia y los municipios relacionados en el Anexo Técnico y Financiero N.° 1, para desarrollar estrategias orientadas a promover la permanencia, acogida y bienestar de los estudiantes del Departamento de Antioquia. | F6: Aunar esfuerzos técnicos, administrativos y financieros entre el Departamento de Antioquia y los municipios relacionados en el Anexo Técnico y Financiero N.° 1, para desarrollar estrategias orientadas a promover la permanencia, acogida y bienestar de los estudiantes del Departamento de Antioquia. | G6: Aunar esfuerzos técnicos, administrativos y financieros entre el Departamento de Antioquia y los municipios relacionados en el Anexo Técnico y Financiero N.° 1, para desarrollar estrategias orientadas a promover la permanencia, acogida y bienestar de los estudiantes del Departamento de Antioquia. | H6: Aunar esfuerzos técnicos, administrativos y financieros entre el Departamento de Antioquia y los municipios relacionados en el Anexo Técnico y Financiero N.° 1, para desarrollar estrategias orientadas a promover la permanencia, acogida y bienestar de los estudiantes del Departamento de Antioquia.
A7: Plazo | B7: Plazo | C7: Cuatro (4) meses contados a partir de la suscripción del acta de inicio. | D7: Cuatro (4) meses contados a partir de la suscripción del acta de inicio. | E7: Cuatro (4) meses contados a partir de la suscripción del acta de inicio. | F7: Cuatro (4) meses contados a partir de la suscripción del acta de inicio. | G7: Cuatro (4) meses contados a partir de la suscripción del acta de inicio. | H7: Cuatro (4) meses contados a partir de la suscripción del acta de inicio.
A8: Proyecto BPIN | B8: Proyecto BPIN | C8: 2024003050187 - Desarrollo de estrategias para la permanencia, acogida y bienestar de los estudiantes oficiales en los municipios no certificados de Antioquia. | D8: 2024003050187 - Desarrollo de estrategias para la permanencia, acogida y bienestar de los estudiantes oficiales en los municipios no certificados de Antioquia. | E8: 2024003050187 - Desarrollo de estrategias para la permanencia, acogida y bienestar de los estudiantes oficiales en los municipios no certificados de Antioquia. | F8: 2024003050187 - Desarrollo de estrategias para la permanencia, acogida y bienestar de los estudiantes oficiales en los municipios no certificados de Antioquia. | G8: 2024003050187 - Desarrollo de estrategias para la permanencia, acogida y bienestar de los estudiantes oficiales en los municipios no certificados de Antioquia. | H8: 2024003050187 - Desarrollo de estrategias para la permanencia, acogida y bienestar de los estudiantes oficiales en los municipios no certificados de Antioquia.
A9: Elemento PEP / Actividad | B9: Elemento PEP / Actividad | C9: 02-0386 / 001 - Cofinanciación transporte escolar. | D9: 02-0386 / 001 - Cofinanciación transporte escolar. | E9: 02-0386 / 001 - Cofinanciación transporte escolar. | F9: 02-0386 / 001 - Cofinanciación transporte escolar. | G9: 02-0386 / 001 - Cofinanciación transporte escolar. | H9: 02-0386 / 001 - Cofinanciación transporte escolar.
A10: Valor financiero del convenio | B10: Valor financiero del convenio | C10: 12607489258 | D10: 12607489258 | E10: 12607489258 | F10: 12607489258 | G10: 12607489258 | H10: 12607489258
A12: 2. CIFRAS CONSOLIDADAS | B12: 2. CIFRAS CONSOLIDADAS | C12: 2. CIFRAS CONSOLIDADAS | D12: 2. CIFRAS CONSOLIDADAS | E12: 2. CIFRAS CONSOLIDADAS | F12: 2. CIFRAS CONSOLIDADAS | G12: 2. CIFRAS CONSOLIDADAS | H12: 2. CIFRAS CONSOLIDADAS
A13: Municipios | B13: Municipios | C13: =COUNTA('Anexo 1'!$D$8:$D$121) -> 114 | E13: Necesidad estimada (96 días) | F13: Necesidad estimada (96 días) | G13: =SUM('Anexo 1'!$I$8:$I$121) -> 63855797280
A14: Estudiantes priorizados | B14: Estudiantes priorizados | C14: =SUM('Anexo 1'!$E$8:$E$121) -> 39540 | E14: Aporte financiero departamental | F14: Aporte financiero departamental | G14: =SUM('Anexo 1'!$J$8:$J$121) -> 12607489258
A15: Rutas reportadas | B15: Rutas reportadas | C15: =SUM('Anexo 1'!$F$8:$F$121) -> 1125 | E15: Necesidad no cubierta por el aporte | F15: Necesidad no cubierta por el aporte | G15: =SUM('Anexo 1'!$K$8:$K$121) -> 51248308022
A16: Días estimados | B16: Días estimados | C16: =MAX('Anexo 1'!$G$8:$G$121) -> 96 | E16: Cobertura financiera estimada | F16: Cobertura financiera estimada | G16: =G14/G13 -> 0.19743688
A18: 3. NATURALEZA DE LA CONCURRENCIA MUNICIPAL | B18: 3. NATURALEZA DE LA CONCURRENCIA MUNICIPAL | C18: 3. NATURALEZA DE LA CONCURRENCIA MUNICIPAL | D18: 3. NATURALEZA DE LA CONCURRENCIA MUNICIPAL | E18: 3. NATURALEZA DE LA CONCURRENCIA MUNICIPAL | F18: 3. NATURALEZA DE LA CONCURRENCIA MUNICIPAL | G18: 3. NATURALEZA DE LA CONCURRENCIA MUNICIPAL | H18: 3. NATURALEZA DE LA CONCURRENCIA MUNICIPAL
A19: La concurrencia municipal se materializa mediante el ejercicio de sus competencias y capacidades institucionales: incorporación y administración de los recursos departamentales, focalización y validación de beneficiarios y rutas, estructuración y adelantamiento de los procesos de contratación derivados, garantía de la operación y ejercicio directo de la supervisión contractual. Estas actividades no se monetizan en el presente anexo ni integran el valor financiero del convenio. Su cumplimiento se acredita mediante los documentos y evidencias señalados en las hojas 'Gestión municipal' y 'Detalle de rutas'. | B19: La concurrencia municipal se materializa mediante el ejercicio de sus competencias y capacidades institucionales: incorporación y administración de los recursos departamentales, focalización y validación de beneficiarios y rutas, estructuración y adelantamiento de los procesos de contratación derivados, garantía de la operación y ejercicio directo de la supervisión contractual. Estas actividades no se monetizan en el presente anexo ni integran el valor financiero del convenio. Su cumplimiento se acredita mediante los documentos y evidencias señalados en las hojas 'Gestión municipal' y 'Detalle de rutas'. | C19: La concurrencia municipal se materializa mediante el ejercicio de sus competencias y capacidades institucionales: incorporación y administración de los recursos departamentales, focalización y validación de beneficiarios y rutas, estructuración y adelantamiento de los procesos de contratación derivados, garantía de la operación y ejercicio directo de la supervisión contractual. Estas actividades no se monetizan en el presente anexo ni integran el valor financiero del convenio. Su cumplimiento se acredita mediante los documentos y evidencias señalados en las hojas 'Gestión municipal' y 'Detalle de rutas'. | D19: La concurrencia municipal se materializa mediante el ejercicio de sus competencias y capacidades institucionales: incorporación y administración de los recursos departamentales, focalización y validación de beneficiarios y rutas, estructuración y adelantamiento de los procesos de contratación derivados, garantía de la operación y ejercicio directo de la supervisión contractual. Estas actividades no se monetizan en el presente anexo ni integran el valor financiero del convenio. Su cumplimiento se acredita mediante los documentos y evidencias señalados en las hojas 'Gestión municipal' y 'Detalle de rutas'. | E19: La concurrencia municipal se materializa mediante el ejercicio de sus competencias y capacidades institucionales: incorporación y administración de los recursos departamentales, focalización y validación de beneficiarios y rutas, estructuración y adelantamiento de los procesos de contratación derivados, garantía de la operación y ejercicio directo de la supervisión contractual. Estas actividades no se monetizan en el presente anexo ni integran el valor financiero del convenio. Su cumplimiento se acredita mediante los documentos y evidencias señalados en las hojas 'Gestión municipal' y 'Detalle de rutas'. | F19: La concurrencia municipal se materializa mediante el ejercicio de sus competencias y capacidades institucionales: incorporación y administración de los recursos departamentales, focalización y validación de beneficiarios y rutas, estructuración y adelantamiento de los procesos de contratación derivados, garantía de la operación y ejercicio directo de la supervisión contractual. Estas actividades no se monetizan en el presente anexo ni integran el valor financiero del convenio. Su cumplimiento se acredita mediante los documentos y evidencias señalados en las hojas 'Gestión municipal' y 'Detalle de rutas'. | G19: La concurrencia municipal se materializa mediante el ejercicio de sus competencias y capacidades institucionales: incorporación y administración de los recursos departamentales, focalización y validación de beneficiarios y rutas, estructuración y adelantamiento de los procesos de contratación derivados, garantía de la operación y ejercicio directo de la supervisión contractual. Estas actividades no se monetizan en el presente anexo ni integran el valor financiero del convenio. Su cumplimiento se acredita mediante los documentos y evidencias señalados en las hojas 'Gestión municipal' y 'Detalle de rutas'. | H19: La concurrencia municipal se materializa mediante el ejercicio de sus competencias y capacidades institucionales: incorporación y administración de los recursos departamentales, focalización y validación de beneficiarios y rutas, estructuración y adelantamiento de los procesos de contratación derivados, garantía de la operación y ejercicio directo de la supervisión contractual. Estas actividades no se monetizan en el presente anexo ni integran el valor financiero del convenio. Su cumplimiento se acredita mediante los documentos y evidencias señalados en las hojas 'Gestión municipal' y 'Detalle de rutas'.
A20: La concurrencia municipal se materializa mediante el ejercicio de sus competencias y capacidades institucionales: incorporación y administración de los recursos departamentales, focalización y validación de beneficiarios y rutas, estructuración y adelantamiento de los procesos de contratación derivados, garantía de la operación y ejercicio directo de la supervisión contractual. Estas actividades no se monetizan en el presente anexo ni integran el valor financiero del convenio. Su cumplimiento se acredita mediante los documentos y evidencias señalados en las hojas 'Gestión municipal' y 'Detalle de rutas'. | B20: La concurrencia municipal se materializa mediante el ejercicio de sus competencias y capacidades institucionales: incorporación y administración de los recursos departamentales, focalización y validación de beneficiarios y rutas, estructuración y adelantamiento de los procesos de contratación derivados, garantía de la operación y ejercicio directo de la supervisión contractual. Estas actividades no se monetizan en el presente anexo ni integran el valor financiero del convenio. Su cumplimiento se acredita mediante los documentos y evidencias señalados en las hojas 'Gestión municipal' y 'Detalle de rutas'. | C20: La concurrencia municipal se materializa mediante el ejercicio de sus competencias y capacidades institucionales: incorporación y administración de los recursos departamentales, focalización y validación de beneficiarios y rutas, estructuración y adelantamiento de los procesos de contratación derivados, garantía de la operación y ejercicio directo de la supervisión contractual. Estas actividades no se monetizan en el presente anexo ni integran el valor financiero del convenio. Su cumplimiento se acredita mediante los documentos y evidencias señalados en las hojas 'Gestión municipal' y 'Detalle de rutas'. | D20: La concurrencia municipal se materializa mediante el ejercicio de sus competencias y capacidades institucionales: incorporación y administración de los recursos departamentales, focalización y validación de beneficiarios y rutas, estructuración y adelantamiento de los procesos de contratación derivados, garantía de la operación y ejercicio directo de la supervisión contractual. Estas actividades no se monetizan en el presente anexo ni integran el valor financiero del convenio. Su cumplimiento se acredita mediante los documentos y evidencias señalados en las hojas 'Gestión municipal' y 'Detalle de rutas'. | E20: La concurrencia municipal se materializa mediante el ejercicio de sus competencias y capacidades institucionales: incorporación y administración de los recursos departamentales, focalización y validación de beneficiarios y rutas, estructuración y adelantamiento de los procesos de contratación derivados, garantía de la operación y ejercicio directo de la supervisión contractual. Estas actividades no se monetizan en el presente anexo ni integran el valor financiero del convenio. Su cumplimiento se acredita mediante los documentos y evidencias señalados en las hojas 'Gestión municipal' y 'Detalle de rutas'. | F20: La concurrencia municipal se materializa mediante el ejercicio de sus competencias y capacidades institucionales: incorporación y administración de los recursos departamentales, focalización y validación de beneficiarios y rutas, estructuración y adelantamiento de los procesos de contratación derivados, garantía de la operación y ejercicio directo de la supervisión contractual. Estas actividades no se monetizan en el presente anexo ni integran el valor financiero del convenio. Su cumplimiento se acredita mediante los documentos y evidencias señalados en las hojas 'Gestión municipal' y 'Detalle de rutas'. | G20: La concurrencia municipal se materializa mediante el ejercicio de sus competencias y capacidades institucionales: incorporación y administración de los recursos departamentales, focalización y validación de beneficiarios y rutas, estructuración y adelantamiento de los procesos de contratación derivados, garantía de la operación y ejercicio directo de la supervisión contractual. Estas actividades no se monetizan en el presente anexo ni integran el valor financiero del convenio. Su cumplimiento se acredita mediante los documentos y evidencias señalados en las hojas 'Gestión municipal' y 'Detalle de rutas'. | H20: La concurrencia municipal se materializa mediante el ejercicio de sus competencias y capacidades institucionales: incorporación y administración de los recursos departamentales, focalización y validación de beneficiarios y rutas, estructuración y adelantamiento de los procesos de contratación derivados, garantía de la operación y ejercicio directo de la supervisión contractual. Estas actividades no se monetizan en el presente anexo ni integran el valor financiero del convenio. Su cumplimiento se acredita mediante los documentos y evidencias señalados en las hojas 'Gestión municipal' y 'Detalle de rutas'.
A21: La concurrencia municipal se materializa mediante el ejercicio de sus competencias y capacidades institucionales: incorporación y administración de los recursos departamentales, focalización y validación de beneficiarios y rutas, estructuración y adelantamiento de los procesos de contratación derivados, garantía de la operación y ejercicio directo de la supervisión contractual. Estas actividades no se monetizan en el presente anexo ni integran el valor financiero del convenio. Su cumplimiento se acredita mediante los documentos y evidencias señalados en las hojas 'Gestión municipal' y 'Detalle de rutas'. | B21: La concurrencia municipal se materializa mediante el ejercicio de sus competencias y capacidades institucionales: incorporación y administración de los recursos departamentales, focalización y validación de beneficiarios y rutas, estructuración y adelantamiento de los procesos de contratación derivados, garantía de la operación y ejercicio directo de la supervisión contractual. Estas actividades no se monetizan en el presente anexo ni integran el valor financiero del convenio. Su cumplimiento se acredita mediante los documentos y evidencias señalados en las hojas 'Gestión municipal' y 'Detalle de rutas'. | C21: La concurrencia municipal se materializa mediante el ejercicio de sus competencias y capacidades institucionales: incorporación y administración de los recursos departamentales, focalización y validación de beneficiarios y rutas, estructuración y adelantamiento de los procesos de contratación derivados, garantía de la operación y ejercicio directo de la supervisión contractual. Estas actividades no se monetizan en el presente anexo ni integran el valor financiero del convenio. Su cumplimiento se acredita mediante los documentos y evidencias señalados en las hojas 'Gestión municipal' y 'Detalle de rutas'. | D21: La concurrencia municipal se materializa mediante el ejercicio de sus competencias y capacidades institucionales: incorporación y administración de los recursos departamentales, focalización y validación de beneficiarios y rutas, estructuración y adelantamiento de los procesos de contratación derivados, garantía de la operación y ejercicio directo de la supervisión contractual. Estas actividades no se monetizan en el presente anexo ni integran el valor financiero del convenio. Su cumplimiento se acredita mediante los documentos y evidencias señalados en las hojas 'Gestión municipal' y 'Detalle de rutas'. | E21: La concurrencia municipal se materializa mediante el ejercicio de sus competencias y capacidades institucionales: incorporación y administración de los recursos departamentales, focalización y validación de beneficiarios y rutas, estructuración y adelantamiento de los procesos de contratación derivados, garantía de la operación y ejercicio directo de la supervisión contractual. Estas actividades no se monetizan en el presente anexo ni integran el valor financiero del convenio. Su cumplimiento se acredita mediante los documentos y evidencias señalados en las hojas 'Gestión municipal' y 'Detalle de rutas'. | F21: La concurrencia municipal se materializa mediante el ejercicio de sus competencias y capacidades institucionales: incorporación y administración de los recursos departamentales, focalización y validación de beneficiarios y rutas, estructuración y adelantamiento de los procesos de contratación derivados, garantía de la operación y ejercicio directo de la supervisión contractual. Estas actividades no se monetizan en el presente anexo ni integran el valor financiero del convenio. Su cumplimiento se acredita mediante los documentos y evidencias señalados en las hojas 'Gestión municipal' y 'Detalle de rutas'. | G21: La concurrencia municipal se materializa mediante el ejercicio de sus competencias y capacidades institucionales: incorporación y administración de los recursos departamentales, focalización y validación de beneficiarios y rutas, estructuración y adelantamiento de los procesos de contratación derivados, garantía de la operación y ejercicio directo de la supervisión contractual. Estas actividades no se monetizan en el presente anexo ni integran el valor financiero del convenio. Su cumplimiento se acredita mediante los documentos y evidencias señalados en las hojas 'Gestión municipal' y 'Detalle de rutas'. | H21: La concurrencia municipal se materializa mediante el ejercicio de sus competencias y capacidades institucionales: incorporación y administración de los recursos departamentales, focalización y validación de beneficiarios y rutas, estructuración y adelantamiento de los procesos de contratación derivados, garantía de la operación y ejercicio directo de la supervisión contractual. Estas actividades no se monetizan en el presente anexo ni integran el valor financiero del convenio. Su cumplimiento se acredita mediante los documentos y evidencias señalados en las hojas 'Gestión municipal' y 'Detalle de rutas'.
A22: La concurrencia municipal se materializa mediante el ejercicio de sus competencias y capacidades institucionales: incorporación y administración de los recursos departamentales, focalización y validación de beneficiarios y rutas, estructuración y adelantamiento de los procesos de contratación derivados, garantía de la operación y ejercicio directo de la supervisión contractual. Estas actividades no se monetizan en el presente anexo ni integran el valor financiero del convenio. Su cumplimiento se acredita mediante los documentos y evidencias señalados en las hojas 'Gestión municipal' y 'Detalle de rutas'. | B22: La concurrencia municipal se materializa mediante el ejercicio de sus competencias y capacidades institucionales: incorporación y administración de los recursos departamentales, focalización y validación de beneficiarios y rutas, estructuración y adelantamiento de los procesos de contratación derivados, garantía de la operación y ejercicio directo de la supervisión contractual. Estas actividades no se monetizan en el presente anexo ni integran el valor financiero del convenio. Su cumplimiento se acredita mediante los documentos y evidencias señalados en las hojas 'Gestión municipal' y 'Detalle de rutas'. | C22: La concurrencia municipal se materializa mediante el ejercicio de sus competencias y capacidades institucionales: incorporación y administración de los recursos departamentales, focalización y validación de beneficiarios y rutas, estructuración y adelantamiento de los procesos de contratación derivados, garantía de la operación y ejercicio directo de la supervisión contractual. Estas actividades no se monetizan en el presente anexo ni integran el valor financiero del convenio. Su cumplimiento se acredita mediante los documentos y evidencias señalados en las hojas 'Gestión municipal' y 'Detalle de rutas'. | D22: La concurrencia municipal se materializa mediante el ejercicio de sus competencias y capacidades institucionales: incorporación y administración de los recursos departamentales, focalización y validación de beneficiarios y rutas, estructuración y adelantamiento de los procesos de contratación derivados, garantía de la operación y ejercicio directo de la supervisión contractual. Estas actividades no se monetizan en el presente anexo ni integran el valor financiero del convenio. Su cumplimiento se acredita mediante los documentos y evidencias señalados en las hojas 'Gestión municipal' y 'Detalle de rutas'. | E22: La concurrencia municipal se materializa mediante el ejercicio de sus competencias y capacidades institucionales: incorporación y administración de los recursos departamentales, focalización y validación de beneficiarios y rutas, estructuración y adelantamiento de los procesos de contratación derivados, garantía de la operación y ejercicio directo de la supervisión contractual. Estas actividades no se monetizan en el presente anexo ni integran el valor financiero del convenio. Su cumplimiento se acredita mediante los documentos y evidencias señalados en las hojas 'Gestión municipal' y 'Detalle de rutas'. | F22: La concurrencia municipal se materializa mediante el ejercicio de sus competencias y capacidades institucionales: incorporación y administración de los recursos departamentales, focalización y validación de beneficiarios y rutas, estructuración y adelantamiento de los procesos de contratación derivados, garantía de la operación y ejercicio directo de la supervisión contractual. Estas actividades no se monetizan en el presente anexo ni integran el valor financiero del convenio. Su cumplimiento se acredita mediante los documentos y evidencias señalados en las hojas 'Gestión municipal' y 'Detalle de rutas'. | G22: La concurrencia municipal se materializa mediante el ejercicio de sus competencias y capacidades institucionales: incorporación y administración de los recursos departamentales, focalización y validación de beneficiarios y rutas, estructuración y adelantamiento de los procesos de contratación derivados, garantía de la operación y ejercicio directo de la supervisión contractual. Estas actividades no se monetizan en el presente anexo ni integran el valor financiero del convenio. Su cumplimiento se acredita mediante los documentos y evidencias señalados en las hojas 'Gestión municipal' y 'Detalle de rutas'. | H22: La concurrencia municipal se materializa mediante el ejercicio de sus competencias y capacidades institucionales: incorporación y administración de los recursos departamentales, focalización y validación de beneficiarios y rutas, estructuración y adelantamiento de los procesos de contratación derivados, garantía de la operación y ejercicio directo de la supervisión contractual. Estas actividades no se monetizan en el presente anexo ni integran el valor financiero del convenio. Su cumplimiento se acredita mediante los documentos y evidencias señalados en las hojas 'Gestión municipal' y 'Detalle de rutas'.
A24: 4. REGLAS DE INTERPRETACIÓN Y ACTUALIZACIÓN | B24: 4. REGLAS DE INTERPRETACIÓN Y ACTUALIZACIÓN | C24: 4. REGLAS DE INTERPRETACIÓN Y ACTUALIZACIÓN | D24: 4. REGLAS DE INTERPRETACIÓN Y ACTUALIZACIÓN | E24: 4. REGLAS DE INTERPRETACIÓN Y ACTUALIZACIÓN | F24: 4. REGLAS DE INTERPRETACIÓN Y ACTUALIZACIÓN | G24: 4. REGLAS DE INTERPRETACIÓN Y ACTUALIZACIÓN | H24: 4. REGLAS DE INTERPRETACIÓN Y ACTUALIZACIÓN
A25: 1 | B25: Las cifras de beneficiarios, rutas, costos diarios y necesidad estimada provienen del Diagnóstico de Transporte Escolar 2026. La estimación se uniforma a noventa y seis (96) días. | C25: Las cifras de beneficiarios, rutas, costos diarios y necesidad estimada provienen del Diagnóstico de Transporte Escolar 2026. La estimación se uniforma a noventa y seis (96) días. | D25: Las cifras de beneficiarios, rutas, costos diarios y necesidad estimada provienen del Diagnóstico de Transporte Escolar 2026. La estimación se uniforma a noventa y seis (96) días. | E25: Las cifras de beneficiarios, rutas, costos diarios y necesidad estimada provienen del Diagnóstico de Transporte Escolar 2026. La estimación se uniforma a noventa y seis (96) días. | F25: Las cifras de beneficiarios, rutas, costos diarios y necesidad estimada provienen del Diagnóstico de Transporte Escolar 2026. La estimación se uniforma a noventa y seis (96) días. | G25: Las cifras de beneficiarios, rutas, costos diarios y necesidad estimada provienen del Diagnóstico de Transporte Escolar 2026. La estimación se uniforma a noventa y seis (96) días. | H25: Las cifras de beneficiarios, rutas, costos diarios y necesidad estimada provienen del Diagnóstico de Transporte Escolar 2026. La estimación se uniforma a noventa y seis (96) días.
A26: 2 | B26: La asignación departamental por municipio corresponde a la tabla incorporada en el estudio previo y suma $12.607.489.258. | C26: La asignación departamental por municipio corresponde a la tabla incorporada en el estudio previo y suma $12.607.489.258. | D26: La asignación departamental por municipio corresponde a la tabla incorporada en el estudio previo y suma $12.607.489.258. | E26: La asignación departamental por municipio corresponde a la tabla incorporada en el estudio previo y suma $12.607.489.258. | F26: La asignación departamental por municipio corresponde a la tabla incorporada en el estudio previo y suma $12.607.489.258. | G26: La asignación departamental por municipio corresponde a la tabla incorporada en el estudio previo y suma $12.607.489.258. | H26: La asignación departamental por municipio corresponde a la tabla incorporada en el estudio previo y suma $12.607.489.258.
A27: 3 | B27: Las instituciones, sedes, estudiantes y características de cada ruta deberán individualizarse y validarse mediante el acta municipal de focalización y la hoja 'Detalle de rutas' antes del inicio de la prestación. | C27: Las instituciones, sedes, estudiantes y características de cada ruta deberán individualizarse y validarse mediante el acta municipal de focalización y la hoja 'Detalle de rutas' antes del inicio de la prestación. | D27: Las instituciones, sedes, estudiantes y características de cada ruta deberán individualizarse y validarse mediante el acta municipal de focalización y la hoja 'Detalle de rutas' antes del inicio de la prestación. | E27: Las instituciones, sedes, estudiantes y características de cada ruta deberán individualizarse y validarse mediante el acta municipal de focalización y la hoja 'Detalle de rutas' antes del inicio de la prestación. | F27: Las instituciones, sedes, estudiantes y características de cada ruta deberán individualizarse y validarse mediante el acta municipal de focalización y la hoja 'Detalle de rutas' antes del inicio de la prestación. | G27: Las instituciones, sedes, estudiantes y características de cada ruta deberán individualizarse y validarse mediante el acta municipal de focalización y la hoja 'Detalle de rutas' antes del inicio de la prestación. | H27: Las instituciones, sedes, estudiantes y características de cada ruta deberán individualizarse y validarse mediante el acta municipal de focalización y la hoja 'Detalle de rutas' antes del inicio de la prestación.
A28: 4 | B28: Toda modificación de rutas, sedes, población beneficiaria o distribución de recursos requiere justificación, soportes y aprobación previa del Departamento, conforme al convenio. | C28: Toda modificación de rutas, sedes, población beneficiaria o distribución de recursos requiere justificación, soportes y aprobación previa del Departamento, conforme al convenio. | D28: Toda modificación de rutas, sedes, población beneficiaria o distribución de recursos requiere justificación, soportes y aprobación previa del Departamento, conforme al convenio. | E28: Toda modificación de rutas, sedes, población beneficiaria o distribución de recursos requiere justificación, soportes y aprobación previa del Departamento, conforme al convenio. | F28: Toda modificación de rutas, sedes, población beneficiaria o distribución de recursos requiere justificación, soportes y aprobación previa del Departamento, conforme al convenio. | G28: Toda modificación de rutas, sedes, población beneficiaria o distribución de recursos requiere justificación, soportes y aprobación previa del Departamento, conforme al convenio. | H28: Toda modificación de rutas, sedes, población beneficiaria o distribución de recursos requiere justificación, soportes y aprobación previa del Departamento, conforme al convenio.
A29: 5 | B29: El número de rutas de Puerto Berrío se encuentra pendiente de validación municipal. La necesidad estimada se conserva a partir del costo diario reportado. | C29: El número de rutas de Puerto Berrío se encuentra pendiente de validación municipal. La necesidad estimada se conserva a partir del costo diario reportado. | D29: El número de rutas de Puerto Berrío se encuentra pendiente de validación municipal. La necesidad estimada se conserva a partir del costo diario reportado. | E29: El número de rutas de Puerto Berrío se encuentra pendiente de validación municipal. La necesidad estimada se conserva a partir del costo diario reportado. | F29: El número de rutas de Puerto Berrío se encuentra pendiente de validación municipal. La necesidad estimada se conserva a partir del costo diario reportado. | G29: El número de rutas de Puerto Berrío se encuentra pendiente de validación municipal. La necesidad estimada se conserva a partir del costo diario reportado. | H29: El número de rutas de Puerto Berrío se encuentra pendiente de validación municipal. La necesidad estimada se conserva a partir del costo diario reportado.
A30: 6 | B30: La necesidad estimada de Arboletes se recalculó a 96 días, corrigiendo la fórmula de 9 días contenida en el archivo diagnóstico fuente. | C30: La necesidad estimada de Arboletes se recalculó a 96 días, corrigiendo la fórmula de 9 días contenida en el archivo diagnóstico fuente. | D30: La necesidad estimada de Arboletes se recalculó a 96 días, corrigiendo la fórmula de 9 días contenida en el archivo diagnóstico fuente. | E30: La necesidad estimada de Arboletes se recalculó a 96 días, corrigiendo la fórmula de 9 días contenida en el archivo diagnóstico fuente. | F30: La necesidad estimada de Arboletes se recalculó a 96 días, corrigiendo la fórmula de 9 días contenida en el archivo diagnóstico fuente. | G30: La necesidad estimada de Arboletes se recalculó a 96 días, corrigiendo la fórmula de 9 días contenida en el archivo diagnóstico fuente. | H30: La necesidad estimada de Arboletes se recalculó a 96 días, corrigiendo la fórmula de 9 días contenida en el archivo diagnóstico fuente.

Sheet Anexo 1
A1: ANEXO TÉCNICO Y FINANCIERO N.° 1 - DISTRIBUCIÓN MUNICIPAL | B1: ANEXO TÉCNICO Y FINANCIERO N.° 1 - DISTRIBUCIÓN MUNICIPAL | C1: ANEXO TÉCNICO Y FINANCIERO N.° 1 - DISTRIBUCIÓN MUNICIPAL | D1: ANEXO TÉCNICO Y FINANCIERO N.° 1 - DISTRIBUCIÓN MUNICIPAL | E1: ANEXO TÉCNICO Y FINANCIERO N.° 1 - DISTRIBUCIÓN MUNICIPAL | F1: ANEXO TÉCNICO Y FINANCIERO N.° 1 - DISTRIBUCIÓN MUNICIPAL | G1: ANEXO TÉCNICO Y FINANCIERO N.° 1 - DISTRIBUCIÓN MUNICIPAL | H1: ANEXO TÉCNICO Y FINANCIERO N.° 1 - DISTRIBUCIÓN MUNICIPAL | I1: ANEXO TÉCNICO Y FINANCIERO N.° 1 - DISTRIBUCIÓN MUNICIPAL | J1: ANEXO TÉCNICO Y FINANCIERO N.° 1 - DISTRIBUCIÓN MUNICIPAL | K1: ANEXO TÉCNICO Y FINANCIERO N.° 1 - DISTRIBUCIÓN MUNICIPAL | L1: ANEXO TÉCNICO Y FINANCIERO N.° 1 - DISTRIBUCIÓN MUNICIPAL | M1: ANEXO TÉCNICO Y FINANCIERO N.° 1 - DISTRIBUCIÓN MUNICIPAL | N1: ANEXO TÉCNICO Y FINANCIERO N.° 1 - DISTRIBUCIÓN MUNICIPAL | O1: ANEXO TÉCNICO Y FINANCIERO N.° 1 - DISTRIBUCIÓN MUNICIPAL | P1: ANEXO TÉCNICO Y FINANCIERO N.° 1 - DISTRIBUCIÓN MUNICIPAL | Q1: ANEXO TÉCNICO Y FINANCIERO N.° 1 - DISTRIBUCIÓN MUNICIPAL
A2: ANEXO TÉCNICO Y FINANCIERO N.° 1 - DISTRIBUCIÓN MUNICIPAL | B2: ANEXO TÉCNICO Y FINANCIERO N.° 1 - DISTRIBUCIÓN MUNICIPAL | C2: ANEXO TÉCNICO Y FINANCIERO N.° 1 - DISTRIBUCIÓN MUNICIPAL | D2: ANEXO TÉCNICO Y FINANCIERO N.° 1 - DISTRIBUCIÓN MUNICIPAL | E2: ANEXO TÉCNICO Y FINANCIERO N.° 1 - DISTRIBUCIÓN MUNICIPAL | F2: ANEXO TÉCNICO Y FINANCIERO N.° 1 - DISTRIBUCIÓN MUNICIPAL | G2: ANEXO TÉCNICO Y FINANCIERO N.° 1 - DISTRIBUCIÓN MUNICIPAL | H2: ANEXO TÉCNICO Y FINANCIERO N.° 1 - DISTRIBUCIÓN MUNICIPAL | I2: ANEXO TÉCNICO Y FINANCIERO N.° 1 - DISTRIBUCIÓN MUNICIPAL | J2: ANEXO TÉCNICO Y FINANCIERO N.° 1 - DISTRIBUCIÓN MUNICIPAL | K2: ANEXO TÉCNICO Y FINANCIERO N.° 1 - DISTRIBUCIÓN MUNICIPAL | L2: ANEXO TÉCNICO Y FINANCIERO N.° 1 - DISTRIBUCIÓN MUNICIPAL | M2: ANEXO TÉCNICO Y FINANCIERO N.° 1 - DISTRIBUCIÓN MUNICIPAL | N2: ANEXO TÉCNICO Y FINANCIERO N.° 1 - DISTRIBUCIÓN MUNICIPAL | O2: ANEXO TÉCNICO Y FINANCIERO N.° 1 - DISTRIBUCIÓN MUNICIPAL | P2: ANEXO TÉCNICO Y FINANCIERO N.° 1 - DISTRIBUCIÓN MUNICIPAL | Q2: ANEXO TÉCNICO Y FINANCIERO N.° 1 - DISTRIBUCIÓN MUNICIPAL
A3: Cifras técnicas de referencia sujetas a validación municipal mediante acta de focalización y detalle de rutas. Valores en pesos colombianos. | B3: Cifras técnicas de referencia sujetas a validación municipal mediante acta de focalización y detalle de rutas. Valores en pesos colombianos. | C3: Cifras técnicas de referencia sujetas a validación municipal mediante acta de focalización y detalle de rutas. Valores en pesos colombianos. | D3: Cifras técnicas de referencia sujetas a validación municipal mediante acta de focalización y detalle de rutas. Valores en pesos colombianos. | E3: Cifras técnicas de referencia sujetas a validación municipal mediante acta de focalización y detalle de rutas. Valores en pesos colombianos. | F3: Cifras técnicas de referencia sujetas a validación municipal mediante acta de focalización y detalle de rutas. Valores en pesos colombianos. | G3: Cifras técnicas de referencia sujetas a validación municipal mediante acta de focalización y detalle de rutas. Valores en pesos colombianos. | H3: Cifras técnicas de referencia sujetas a validación municipal mediante acta de focalización y detalle de rutas. Valores en pesos colombianos. | I3: Cifras técnicas de referencia sujetas a validación municipal mediante acta de focalización y detalle de rutas. Valores en pesos colombianos. | J3: Cifras técnicas de referencia sujetas a validación municipal mediante acta de focalización y detalle de rutas. Valores en pesos colombianos. | K3: Cifras técnicas de referencia sujetas a validación municipal mediante acta de focalización y detalle de rutas. Valores en pesos colombianos. | L3: Cifras técnicas de referencia sujetas a validación municipal mediante acta de focalización y detalle de rutas. Valores en pesos colombianos. | M3: Cifras técnicas de referencia sujetas a validación municipal mediante acta de focalización y detalle de rutas. Valores en pesos colombianos. | N3: Cifras técnicas de referencia sujetas a validación municipal mediante acta de focalización y detalle de rutas. Valores en pesos colombianos. | O3: Cifras técnicas de referencia sujetas a validación municipal mediante acta de focalización y detalle de rutas. Valores en pesos colombianos. | P3: Cifras técnicas de referencia sujetas a validación municipal mediante acta de focalización y detalle de rutas. Valores en pesos colombianos. | Q3: Cifras técnicas de referencia sujetas a validación municipal mediante acta de focalización y detalle de rutas. Valores en pesos colombianos.
A5: IDENTIFICACIÓN | B5: IDENTIFICACIÓN | C5: IDENTIFICACIÓN | D5: IDENTIFICACIÓN | E5: LÍNEA BASE TÉCNICA | F5: LÍNEA BASE TÉCNICA | G5: LÍNEA BASE TÉCNICA | H5: ESTRUCTURA FINANCIERA | I5: ESTRUCTURA FINANCIERA | J5: ESTRUCTURA FINANCIERA | K5: ESTRUCTURA FINANCIERA | L5: DESEMBOLSOS DEPARTAMENTALES | M5: DESEMBOLSOS DEPARTAMENTALES | N5: DESEMBOLSOS DEPARTAMENTALES | O5: GESTIÓN MUNICIPAL | P5: GESTIÓN MUNICIPAL | Q5: CONTROL
A6: N.° | B6: Código DANE | C6: Subregión | D6: Municipio | E6: Estudiantes priorizados | F6: Rutas requeridas | G6: Días estimados | H6: Costo diario agregado | I6: Necesidad estimada | J6: Aporte financiero del Departamento | K6: Necesidad no cubierta | L6: Unico desembolo 100 % | O6: Responsable contratación derivada | P6: Responsable supervisión directa | Q6: Observaciones / validaciones
A8: 1 | B8: 5154 | C8: 1 BAJO CAUCA | D8: CAUCASIA | E8: 825 | F8: 20 | G8: 96 | H8: 15340729 | I8: =H8*G8 -> 1472709984 | J8: 200000000 | K8: =MAX(I8-J8,0) -> 1272709984 | L8: 200000000 | O8: Municipio | P8: Municipio
A9: 2 | B9: 5120 | C9: 1 BAJO CAUCA | D9: CACERES | E9: 684 | F9: 13 | G9: 96 | H9: 11662185 | I9: =H9*G9 -> 1119569760 | J9: 160000000 | K9: =MAX(I9-J9,0) -> 959569760 | L9: 160000000 | O9: Municipio | P9: Municipio
A10: 3 | B10: 5250 | C10: 1 BAJO CAUCA | D10: EL BAGRE | E10: 306 | F10: 5 | G10: 96 | H10: 10317198 | I10: =H10*G10 -> 990451008 | J10: 120000000 | K10: =MAX(I10-J10,0) -> 870451008 | L10: 120000000 | O10: Municipio | P10: Municipio
A11: 4 | B11: 5495 | C11: 1 BAJO CAUCA | D11: NECHI | E11: 484 | F11: 24 | G11: 96 | H11: 12862335 | I11: =H11*G11 -> 1234784160 | J11: 150000000 | K11: =MAX(I11-J11,0) -> 1084784160 | L11: 150000000 | O11: Municipio | P11: Municipio
A12: 5 | B12: 5790 | C12: 1 BAJO CAUCA | D12: TARAZA | E12: 182 | F12: 12 | G12: 96 | H12: 5481000 | I12: =H12*G12 -> 526176000 | J12: 110000000 | K12: =MAX(I12-J12,0) -> 416176000 | L12: 110000000 | O12: Municipio | P12: Municipio
A13: 6 | B13: 5895 | C13: 1 BAJO CAUCA | D13: ZARAGOZA | E13: 558 | F13: 6 | G13: 96 | H13: 4362900 | I13: =H13*G13 -> 418838400 | J13: 100000000 | K13: =MAX(I13-J13,0) -> 318838400 | L13: 100000000 | O13: Municipio | P13: Municipio
A14: 7 | B14: 5142 | C14: 2 MAGDALENA | D14: CARACOLI | E14: 67 | F14: 21 | G14: 96 | H14: 821000 | I14: =H14*G14 -> 78816000 | J14: 50000000 | K14: =MAX(I14-J14,0) -> 28816000 | L14: 50000000 | O14: Municipio | P14: Municipio
A15: 8 | B15: 5425 | C15: 2 MAGDALENA | D15: MACEO | E15: 196 | F15: 5 | G15: 96 | H15: 4750000 | I15: =H15*G15 -> 456000000 | J15: 140000000 | K15: =MAX(I15-J15,0) -> 316000000 | L15: 140000000 | O15: Municipio | P15: Municipio
A16: 9 | B16: 5579 | C16: 2 MAGDALENA | D16: PUERTO BERRIO | E16: 105 | G16: 96 | H16: 3650000 | I16: =H16*G16 -> 350400000 | J16: 60000000 | K16: =MAX(I16-J16,0) -> 290400000 | L16: 60000000 | O16: Municipio | P16: Municipio
A17: 10 | B17: 5585 | C17: 2 MAGDALENA | D17: PUERTO NARE | E17: 68 | F17: 4 | G17: 96 | H17: 2606321 | I17: =H17*G17 -> 250206816 | J17: 70000000 | K17: =MAX(I17-J17,0) -> 180206816 | L17: 70000000 | O17: Municipio | P17: Municipio
A18: 11 | B18: 5591 | C18: 2 MAGDALENA | D18: PUERTO TRIUNFO | E18: 78 | F18: 3 | G18: 96 | H18: 2800987 | I18: =H18*G18 -> 268894752 | J18: 100000000 | K18: =MAX(I18-J18,0) -> 168894752 | L18: 100000000 | O18: Municipio | P18: Municipio
A19: 12 | B19: 5893 | C19: 2 MAGDALENA | D19: YONDO | E19: 525 | F19: 38 | G19: 96 | H19: 23712000 | I19: =H19*G19 -> 2276352000 | J19: 170000000 | K19: =MAX(I19-J19,0) -> 2106352000 | L19: 170000000 | O19: Municipio | P19: Municipio
A20: 13 | B20: 5031 | C20: 3 NORDESTE | D20: AMALFI | E20: 172 | F20: 4 | G20: 96 | H20: 2421700 | I20: =H20*G20 -> 232483200 | J20: 80000000 | K20: =MAX(I20-J20,0) -> 152483200 | L20: 80000000 | O20: Municipio | P20: Municipio
A21: 14 | B21: 5040 | C21: 3 NORDESTE | D21: ANORI | E21: 60 | F21: 2 | G21: 96 | H21: 1150000 | I21: =H21*G21 -> 110400000 | J21: 70000000 | K21: =MAX(I21-J21,0) -> 40400000 | L21: 70000000 | O21: Municipio | P21: Municipio
A22: 15 | B22: 5604 | C22: 3 NORDESTE | D22: REMEDIOS | E22: 1125 | F22: 16 | G22: 96 | H22: 23238089 | I22: =H22*G22 -> 2230856544 | J22: 100000000 | K22: =MAX(I22-J22,0) -> 2130856544 | L22: 100000000 | O22: Municipio | P22: Municipio
A23: 16 | B23: 5670 | C23: 3 NORDESTE | D23: SAN ROQUE | E23: 338 | F23: 17 | G23: 96 | H23: 5493380 | I23: =H23*G23 -> 527364480 | J23: 110000000 | K23: =MAX(I23-J23,0) -> 417364480 | L23: 110000000 | O23: Municipio | P23: Municipio
A24: 17 | B24: 5690 | C24: 3 NORDESTE | D24: SANTO DOMINGO | E24: 171 | F24: 10 | G24: 96 | H24: 5405000 | I24: =H24*G24 -> 518880000 | J24: 100000000 | K24: =MAX(I24-J24,0) -> 418880000 | L24: 100000000 | O24: Municipio | P24: Municipio
A25: 18 | B25: 5736 | C25: 3 NORDESTE | D25: SEGOVIA | E25: 1030 | F25: 7 | G25: 96 | H25: 12564033 | I25: =H25*G25 -> 1206147168 | J25: 80000000 | K25: =MAX(I25-J25,0) -> 1126147168 | L25: 80000000 | O25: Municipio | P25: Municipio
A26: 19 | B26: 5858 | C26: 3 NORDESTE | D26: VEGACHI | E26: 45 | F26: 3 | G26: 96 | H26: 2376000 | I26: =H26*G26 -> 228096000 | J26: 80000000 | K26: =MAX(I26-J26,0) -> 148096000 | L26: 80000000 | O26: Municipio | P26: Municipio
A27: 20 | B27: 5885 | C27: 3 NORDESTE | D27: YALI | E27: 170 | F27: 9 | G27: 96 | H27: 1492250 | I27: =H27*G27 -> 143256000 | J27: 70000000 | K27: =MAX(I27-J27,0) -> 73256000 | L27: 70000000 | O27: Municipio | P27: Municipio
A28: 21 | B28: 5890 | C28: 3 NORDESTE | D28: YOLOMBO | E28: 264 | F28: 4 | G28: 96 | H28: 9073440 | I28: =H28*G28 -> 871050240 | J28: 100000000 | K28: =MAX(I28-J28,0) -> 771050240 | L28: 100000000 | O28: Municipio | P28: Municipio
... A121: 114 | B121: 5308 | C121: 9 VALLE DE ABURRA | D121: GIRARDOTA | E121: 117 | F121: 34 | G121: 96 | H121: 14363800 | I121: =H121*G121 -> 1378924800 | J121: 70000000 | K121: =MAX(I121-J121,0) -> 1308924800 | L121: 70000000 | O121: Municipio | P121: Municipio
A122: TOTAL / CONSOLIDADO | B122: TOTAL / CONSOLIDADO | C122: TOTAL / CONSOLIDADO | D122: TOTAL / CONSOLIDADO | E122: =SUM(E8:E121) -> 39540 | F122: =SUM(F8:F121) -> 1125 | G122: TOTAL / CONSOLIDADO | H122: =SUM(H8:H121) -> 665164555 | I122: =SUM(I8:I121) -> 63855797280 | J122: =SUM(J8:J121) -> 12607489258 | K122: =SUM(K8:K121) -> 51248308022 | L122: =SUM(L8:L121) -> 12607489258 | M122: =SUM(M8:M121) -> 0 | N122: =SUM(N8:N121) -> 0

Sheet Gestión municipal
A1: GESTIÓN MUNICIPAL CONCURRENTE Y EVIDENCIAS DE CUMPLIMIENTO | B1: GESTIÓN MUNICIPAL CONCURRENTE Y EVIDENCIAS DE CUMPLIMIENTO | C1: GESTIÓN MUNICIPAL CONCURRENTE Y EVIDENCIAS DE CUMPLIMIENTO | D1: GESTIÓN MUNICIPAL CONCURRENTE Y EVIDENCIAS DE CUMPLIMIENTO | E1: GESTIÓN MUNICIPAL CONCURRENTE Y EVIDENCIAS DE CUMPLIMIENTO | F1: GESTIÓN MUNICIPAL CONCURRENTE Y EVIDENCIAS DE CUMPLIMIENTO
A2: GESTIÓN MUNICIPAL CONCURRENTE Y EVIDENCIAS DE CUMPLIMIENTO | B2: GESTIÓN MUNICIPAL CONCURRENTE Y EVIDENCIAS DE CUMPLIMIENTO | C2: GESTIÓN MUNICIPAL CONCURRENTE Y EVIDENCIAS DE CUMPLIMIENTO | D2: GESTIÓN MUNICIPAL CONCURRENTE Y EVIDENCIAS DE CUMPLIMIENTO | E2: GESTIÓN MUNICIPAL CONCURRENTE Y EVIDENCIAS DE CUMPLIMIENTO | F2: GESTIÓN MUNICIPAL CONCURRENTE Y EVIDENCIAS DE CUMPLIMIENTO
A3: Las siguientes actividades corresponden a compromisos institucionales del municipio y no constituyen una partida económica ni incrementan el valor financiero del convenio. | B3: Las siguientes actividades corresponden a compromisos institucionales del municipio y no constituyen una partida económica ni incrementan el valor financiero del convenio. | C3: Las siguientes actividades corresponden a compromisos institucionales del municipio y no constituyen una partida económica ni incrementan el valor financiero del convenio. | D3: Las siguientes actividades corresponden a compromisos institucionales del municipio y no constituyen una partida económica ni incrementan el valor financiero del convenio. | E3: Las siguientes actividades corresponden a compromisos institucionales del municipio y no constituyen una partida económica ni incrementan el valor financiero del convenio. | F3: Las siguientes actividades corresponden a compromisos institucionales del municipio y no constituyen una partida económica ni incrementan el valor financiero del convenio.
A4: Las siguientes actividades corresponden a compromisos institucionales del municipio y no constituyen una partida económica ni incrementan el valor financiero del convenio. | B4: Las siguientes actividades corresponden a compromisos institucionales del municipio y no constituyen una partida económica ni incrementan el valor financiero del convenio. | C4: Las siguientes actividades corresponden a compromisos institucionales del municipio y no constituyen una partida económica ni incrementan el valor financiero del convenio. | D4: Las siguientes actividades corresponden a compromisos institucionales del municipio y no constituyen una partida económica ni incrementan el valor financiero del convenio. | E4: Las siguientes actividades corresponden a compromisos institucionales del municipio y no constituyen una partida económica ni incrementan el valor financiero del convenio. | F4: Las siguientes actividades corresponden a compromisos institucionales del municipio y no constituyen una partida económica ni incrementan el valor financiero del convenio.
A6: Etapa | B6: Actividad a cargo del municipio | C6: Responsable institucional | D6: Evidencia mínima | E6: Momento de acreditación | F6: Verificación departamental
A7: Planeación y focalización | B7: Identificar, caracterizar, focalizar y priorizar estudiantes activos en SIMAT; validar instituciones, sedes, rutas, trayectos, puntos de encuentro, modalidad, capacidad y días. | C7: Municipio, con directivos docentes y autoridades educativas competentes | D7: Acta de focalización; relación de estudiantes por ruta; diagnóstico municipal; detalle de rutas diligenciado | E7: Antes del inicio de la prestación | F7: Dirección de Permanencia Escolar e Inclusión Educativa / supervisión del convenio
A8: Presupuesto | B8: Incorporar los recursos departamentales y mantener registros presupuestales, contables y financieros independientes. | C8: Municipio | D8: Acto de incorporación; registros; certificación de cuenta individual y exclusiva en el IDEA | E8: Antes del primer giro y durante la ejecución | F8: Supervisión financiera del convenio
A9: Contratación derivada | B9: Estructurar y adelantar oportunamente el proceso de selección requerido, con estudios, análisis de riesgos, garantías y publicación en SECOP. | C9: Municipio | D9: Expediente contractual; enlace SECOP; contrato perfeccionado; garantías y aprobación | E9: Previo al inicio del servicio | F9: Supervisión del convenio
A10: Operación | B10: Garantizar la prestación continua, oportuna, segura y eficiente de acuerdo con rutas, frecuencias, horarios, recorridos y días autorizados. | C10: Municipio y operador contratado | D10: Planillas de recorrido; registros de asistencia; certificaciones de establecimientos; reportes de novedades | E10: Durante toda la ejecución | F10: Supervisión del contrato derivado y supervisión del convenio
A11: Supervisión directa | B11: Ejercer directamente la supervisión técnica, administrativa, jurídica, financiera, contable y ambiental del contrato derivado; contratar interventoría cuando proceda. | C11: Municipio | D11: Acto de designación; informes de supervisión; requerimientos; actas; control de garantías | E11: Desde el perfeccionamiento hasta la liquidación del contrato derivado | F11: Supervisión del convenio
A12: Reportes | B12: Presentar informes técnicos y financieros con estudiantes atendidos, rutas operadas, días prestados, medios utilizados, novedades, compromisos, obligaciones, pagos y saldos. | C12: Municipio | D12: Informes periódicos con soportes y certificación del supervisor municipal | E12: Conforme al cronograma y como requisito de giro | F12: Supervisión del convenio
A13: Cierre | B13: Acreditar la prestación total, liquidar la contratación derivada y reintegrar saldos no ejecutados y rendimientos cuando haya lugar. | C13: Municipio | D13: Informe final; acta de recibo; liquidación; conciliación financiera; comprobantes de reintegro | E13: Al finalizar el plazo y antes del giro final/cierre | F13: Supervisión del convenio

Sheet Control financiero
A1: CONTROL DE SUMATORIAS Y CONCILIACIÓN PRESUPUESTAL | B1: CONTROL DE SUMATORIAS Y CONCILIACIÓN PRESUPUESTAL | C1: CONTROL DE SUMATORIAS Y CONCILIACIÓN PRESUPUESTAL | D1: CONTROL DE SUMATORIAS Y CONCILIACIÓN PRESUPUESTAL | E1: CONTROL DE SUMATORIAS Y CONCILIACIÓN PRESUPUESTAL | F1: CONTROL DE SUMATORIAS Y CONCILIACIÓN PRESUPUESTAL
A2: CONTROL DE SUMATORIAS Y CONCILIACIÓN PRESUPUESTAL | B2: CONTROL DE SUMATORIAS Y CONCILIACIÓN PRESUPUESTAL | C2: CONTROL DE SUMATORIAS Y CONCILIACIÓN PRESUPUESTAL | D2: CONTROL DE SUMATORIAS Y CONCILIACIÓN PRESUPUESTAL | E2: CONTROL DE SUMATORIAS Y CONCILIACIÓN PRESUPUESTAL | F2: CONTROL DE SUMATORIAS Y CONCILIACIÓN PRESUPUESTAL
A4: Subregión | B4: Municipios | C4: Estudiantes | D4: Rutas reportadas | E4: Necesidad estimada | F4: Aporte departamental
A5: 1 BAJO CAUCA | B5: =COUNTIF('Anexo 1'!$C$8:$C$121,A5) -> 6 | C5: =SUMIF('Anexo 1'!$C$8:$C$121,A5,'Anexo 1'!$E$8:$E$121) -> 3039 | D5: =SUMIF('Anexo 1'!$C$8:$C$121,A5,'Anexo 1'!$F$8:$F$121) -> 80 | E5: =SUMIF('Anexo 1'!$C$8:$C$121,A5,'Anexo 1'!$I$8:$I$121) -> 5762529312 | F5: =SUMIF('Anexo 1'!$C$8:$C$121,A5,'Anexo 1'!$J$8:$J$121) -> 840000000
A6: 2 MAGDALENA | B6: =COUNTIF('Anexo 1'!$C$8:$C$121,A6) -> 6 | C6: =SUMIF('Anexo 1'!$C$8:$C$121,A6,'Anexo 1'!$E$8:$E$121) -> 1039 | D6: =SUMIF('Anexo 1'!$C$8:$C$121,A6,'Anexo 1'!$F$8:$F$121) -> 71 | E6: =SUMIF('Anexo 1'!$C$8:$C$121,A6,'Anexo 1'!$I$8:$I$121) -> 3680669568 | F6: =SUMIF('Anexo 1'!$C$8:$C$121,A6,'Anexo 1'!$J$8:$J$121) -> 590000000
A7: 3 NORDESTE | B7: =COUNTIF('Anexo 1'!$C$8:$C$121,A7) -> 9 | C7: =SUMIF('Anexo 1'!$C$8:$C$121,A7,'Anexo 1'!$E$8:$E$121) -> 3375 | D7: =SUMIF('Anexo 1'!$C$8:$C$121,A7,'Anexo 1'!$F$8:$F$121) -> 72 | E7: =SUMIF('Anexo 1'!$C$8:$C$121,A7,'Anexo 1'!$I$8:$I$121) -> 6068533632 | F7: =SUMIF('Anexo 1'!$C$8:$C$121,A7,'Anexo 1'!$J$8:$J$121) -> 790000000
A8: 4 NORTE | B8: =COUNTIF('Anexo 1'!$C$8:$C$121,A8) -> 17 | C8: =SUMIF('Anexo 1'!$C$8:$C$121,A8,'Anexo 1'!$E$8:$E$121) -> 5180 | D8: =SUMIF('Anexo 1'!$C$8:$C$121,A8,'Anexo 1'!$F$8:$F$121) -> 183 | E8: =SUMIF('Anexo 1'!$C$8:$C$121,A8,'Anexo 1'!$I$8:$I$121) -> 7899002016 | F8: =SUMIF('Anexo 1'!$C$8:$C$121,A8,'Anexo 1'!$J$8:$J$121) -> 1924000000
A9: 5 OCCIDENTE | B9: =COUNTIF('Anexo 1'!$C$8:$C$121,A9) -> 18 | C9: =SUMIF('Anexo 1'!$C$8:$C$121,A9,'Anexo 1'!$E$8:$E$121) -> 4206 | D9: =SUMIF('Anexo 1'!$C$8:$C$121,A9,'Anexo 1'!$F$8:$F$121) -> 144 | E9: =SUMIF('Anexo 1'!$C$8:$C$121,A9,'Anexo 1'!$I$8:$I$121) -> 6358529856 | F9: =SUMIF('Anexo 1'!$C$8:$C$121,A9,'Anexo 1'!$J$8:$J$121) -> 1890000000
A10: 6 ORIENTE | B10: =COUNTIF('Anexo 1'!$C$8:$C$121,A10) -> 22 | C10: =SUMIF('Anexo 1'!$C$8:$C$121,A10,'Anexo 1'!$E$8:$E$121) -> 9495 | D10: =SUMIF('Anexo 1'!$C$8:$C$121,A10,'Anexo 1'!$F$8:$F$121) -> 191 | E10: =SUMIF('Anexo 1'!$C$8:$C$121,A10,'Anexo 1'!$I$8:$I$121) -> 11407358016 | F10: =SUMIF('Anexo 1'!$C$8:$C$121,A10,'Anexo 1'!$J$8:$J$121) -> 2550000000
A11: 7 SUROESTE | B11: =COUNTIF('Anexo 1'!$C$8:$C$121,A11) -> 23 | C11: =SUMIF('Anexo 1'!$C$8:$C$121,A11,'Anexo 1'!$E$8:$E$121) -> 3928 | D11: =SUMIF('Anexo 1'!$C$8:$C$121,A11,'Anexo 1'!$F$8:$F$121) -> 154 | E11: =SUMIF('Anexo 1'!$C$8:$C$121,A11,'Anexo 1'!$I$8:$I$121) -> 6583865376 | F11: =SUMIF('Anexo 1'!$C$8:$C$121,A11,'Anexo 1'!$J$8:$J$121) -> 2143489258
A12: 8 URABA | B12: =COUNTIF('Anexo 1'!$C$8:$C$121,A12) -> 9 | C12: =SUMIF('Anexo 1'!$C$8:$C$121,A12,'Anexo 1'!$E$8:$E$121) -> 6178 | D12: =SUMIF('Anexo 1'!$C$8:$C$121,A12,'Anexo 1'!$F$8:$F$121) -> 150 | E12: =SUMIF('Anexo 1'!$C$8:$C$121,A12,'Anexo 1'!$I$8:$I$121) -> 12196401024 | F12: =SUMIF('Anexo 1'!$C$8:$C$121,A12,'Anexo 1'!$J$8:$J$121) -> 1600000000
A13: 9 VALLE DE ABURRA | B13: =COUNTIF('Anexo 1'!$C$8:$C$121,A13) -> 4 | C13: =SUMIF('Anexo 1'!$C$8:$C$121,A13,'Anexo 1'!$E$8:$E$121) -> 3100 | D13: =SUMIF('Anexo 1'!$C$8:$C$121,A13,'Anexo 1'!$F$8:$F$121) -> 80 | E13: =SUMIF('Anexo 1'!$C$8:$C$121,A13,'Anexo 1'!$I$8:$I$121) -> 3898908480 | F13: =SUMIF('Anexo 1'!$C$8:$C$121,A13,'Anexo 1'!$J$8:$J$121) -> 280000000
A14: TOTAL | B14: =SUM(B5:B13) -> 114 | C14: =SUM(C5:C13) -> 39540 | D14: =SUM(D5:D13) -> 1125 | E14: =SUM(E5:E13) -> 63855797280 | F14: =SUM(F5:F13) -> 12607489258
A17: CONCILIACIÓN CON CERTIFICADOS DE DISPONIBILIDAD PRESUPUESTAL | B17: CONCILIACIÓN CON CERTIFICADOS DE DISPONIBILIDAD PRESUPUESTAL | C17: CONCILIACIÓN CON CERTIFICADOS DE DISPONIBILIDAD PRESUPUESTAL | D17: CONCILIACIÓN CON CERTIFICADOS DE DISPONIBILIDAD PRESUPUESTAL | E17: CONCILIACIÓN CON CERTIFICADOS DE DISPONIBILIDAD PRESUPUESTAL | F17: CONCILIACIÓN CON CERTIFICADOS DE DISPONIBILIDAD PRESUPUESTAL
A18: Documento / fuente | B18: Componente | C18: Valor
A19: CDP 3500057609 | B19: ICLD Departamentos para FONPET | C19: 9103460464
A20: CDP 3500057609 | B20: Ley 1816 de 2016 - 14 % preferente Salud-Educación | C20: 3504028794
A21: TOTAL CDP | B21: TOTAL CDP | C21: =SUM(C19:C20) -> 12607489258
A22: TOTAL ANEXO | B22: TOTAL ANEXO | C22: ='Anexo 1'!J122 -> 12607489258
A23: DIFERENCIA | B23: DIFERENCIA | C23: =C21-C22 -> 0
